 Dungeon Crawl Stone Soup version 0.20.1-1-g8b1a95d (webtiles) character file.

1332 Devour the Skirmisher (level 8, -8/71 HPs)
             Began as a Minotaur Abyssal Knight on Sept 22, 2017.
             Was a Priest of Lugonu.
             Mangled by 0gre's ghost (9 damage)
             ... on level 6 of the Dungeon.
             The game lasted 00:11:06 (4687 turns).

Devour the Skirmisher (Minotaur Abyssal Knight)     Turns: 4687, Time: 00:11:06

Health: -8/71      AC: 18    Str: 21    XL:     8   Next: 34%
Magic:  10/10      EV:  6    Int:  9    God:    Lugonu [***...]
Gold:   225        SH:  7    Dex: 16    Spells: 7/7 levels left

rFire    + . .     SeeInvis .   e - +0 war axe
rCold    . . .     Gourm    .   h - +2 buckler {rF+}
rNeg     . . .     Faith    +   s - +0 crystal plate armour
rPois    .         Spirit   .   (helmet restricted)
rElec    .         Reflect  .   (no cloak)
rCorr    .         Harm     .   (no gloves)
MR       .....                  l - +0 pair of boots
Stlth    ..........             z - amulet of faith
Regen    0.3/turn               j - +5 ring of dexterity
MPRegen  0.2/turn               (no ring)

@: mighty
A: retaliatory headbutt, horns 2, weak 1, sturdy frame 1
a: Depart the Abyss, Bend Space, Banish, Renounce Religion


You were on level 6 of the Dungeon.
You worshipped Lugonu.
Lugonu was most pleased with you.
You were completely stuffed.

You visited 1 branch of the dungeon, and saw 6 of its levels.
You visited the Abyss 1 time.

You collected 225 gold pieces.

Inventory:

Hand Weapons
 a - a +1 hand axe
 e - a +0 war axe (weapon)
Armour
 h - a +2 buckler of fire resistance (worn)
 l - a +0 pair of boots (worn)
 q - a +2 leather armour of fire resistance
 s - a +0 crystal plate armour (worn)
Jewellery
 j - a +5 ring of dexterity (left hand)
 p - an uncursed ring of fire
 v - an uncursed amulet of the gourmand
 z - an amulet of faith (around neck)
Wands
 y - a wand of disintegration (8/24)
Scrolls
 d - 3 scrolls of amnesia
 i - 2 scrolls of blinking
 k - a scroll of random uselessness {unknown}
 m - 2 scrolls of remove curse
 n - a scroll of immolation {unknown}
 t - 5 scrolls of teleportation
 w - a scroll of identify
Potions
 r - a potion of heal wounds
 u - 2 potions of degeneration {unknown}
 A - 2 potions of might
Comestibles
 b - 2 chunks of flesh
 c - 4 bread rations
 g - 2 royal jellies
 o - 2 meat rations
 x - 2 fruits


   Skills:
 + Level 6.6 Fighting
 + Level 5.9 Axes
 + Level 5.4 Armour
 + Level 4.3 Dodging
 + Level 4.0 Shields
 + Level 4.3 Invocations


You had 7 spell levels left.
You didn't know any spells.

Dungeon Overview and Level Annotations

Branches:
Dungeon (6/15)             Temple (0/1) D:4

Altars:
Ashenzari
Dithmenos
Gozag
Hepliaklqana
Nemelex Xobeh
Okawaru
Uskayaw
Zin

Annotations:
D:6 0gre's ghost, novice MiBe


Innate Abilities, Weirdness & Mutations

You reflexively headbutt those who attack you in melee.
You have a pair of horns on your head.
You are weak. (Str -2)
Your movements are slightly less encumbered by armour. (ER -2)


Message History

0gre's ghost hits you.
* * * LOW HITPOINT WARNING * * *
Grinder hits you.
* * * LOW HITPOINT WARNING * * *
0gre's ghost hits you but does no damage.
Grinder says, "I used to sell toenails on the black market."
Grinder hits you but does no damage.
You can move again.
You closely miss Grinder. You headbutt Grinder.
You kill Grinder!
Lugonu accepts your kill.
Your Shields skill increases to level 4!
Your crystal plate armour prevents you from hitting 0gre's ghost. 0gre's ghost hits you!
* * * LOW HITPOINT WARNING * * *
You feel extremely strange.
You feel agile.
Your large bone plates disappear.
You feel weaker.
You feel less encumbered by your armour. 0gre's ghost hits you!
You die...

#.....# .# #. .## #.....#
... #.#..# #.....##
....#..#.# #.......
...#....# #.......
.......# #+# #.......
#....###.######.......
#...W#.....[.....#....
#...!@.#......##.#....
#......#.####.##.#.###
..........#.# #.##.#.#
.....####..#.####.##.#.#
..... #..#.#.......#.#
.... #..#.#.#....##.###
.....####..#.#.#....+..#..
.....#.....#.#.#....####..
.'.......#.#....# #...


You could see 0gre's ghost.

Vanquished Creatures
  Grinder (D:6)
  Duvessa (D:5)
  An orc warrior (D:6)
  A sky beast (D:4)
  An ogre (D:4)
  Dowan (D:5)
  3 scorpions (D:5)
  A howler monkey (D:4)
  2 crimson imps
  2 orc wizards
  An orc priest (D:3)
  Jessica (D:2)
  5 worker ants
  9 adders
  3 shadow imps
  2 adder skeletons
  5 worms
  2 leopard geckos
  16 orcs
  9 bats
  7 giant cockroaches
  6 goblins
  9 hobgoblins
  5 jackals
  3 quokkas
  7 frilled lizards
  A giant cockroach zombie (D:5)
  5 kobolds
  2 leopard gecko skeletons
  8 rats
120 creatures vanquished.

Notes
Turn   | Place    | Note
-------+----------+-------------------------------------------
     0 | Abyss:1  | Devour the Minotaur Abyssal Knight began the quest for the Orb.
     0 | Abyss:1  | Reached XP level 1. HP: 19/19 MP: 1/1
     3 | Abyss:1  | Found a corrupted altar of Lugonu.
    44 | Abyss:1  | Noticed an apocalypse crab
    44 | Abyss:1  | Noticed an ancient zyme
    48 | Abyss:1  | Found a sparkling altar of Nemelex Xobeh.
    55 | D:1      | Escaped the Abyss
   109 | D:1      | Reached * piety under Lugonu
   119 | D:1      | Reached XP level 2. HP: 23/27 MP: 2/2
   124 | D:1      | Reached skill level 4 in Fighting
   523 | D:2      | Found a faded altar of an unknown god.
   527 | D:2      | Noticed Jessica
   542 | D:2      | Killed Jessica
   542 | D:2      | Reached XP level 3. HP: 30/34 MP: 3/3
  1105 | D:2      | Reached XP level 4. HP: 38/41 MP: 4/4
  1527 | D:3      | Found a glowing silver altar of Zin.
  1527 | D:3      | Found an iron altar of Okawaru.
  1528 | D:3      | Found a hide-covered altar of Uskayaw.
  1663 | D:3      | Reached ** piety under Lugonu
  2036 | D:3      | Found an opulent altar of Gozag.
  2308 | D:3      | Reached XP level 5. HP: 46/47 MP: 5/5
  2407 | D:3      | Gained mutation: You are clumsy. (Dex -2) [potion of mutation]
  2407 | D:3      | Gained mutation: You are partially covered in large bone plates. (SH +4) [potion of mutation]
  2732 | D:4      | Noticed an ogre
  2738 | D:4      | Killed an ogre
  2738 | D:4      | Reached skill level 5 in Fighting
  2782 | D:4      | Found a hazy altar of Hepliaklqana.
  2922 | D:4      | Reached XP level 6. HP: 54/56 MP: 7/7
  3290 | D:4      | Found a staircase to the Ecumenical Temple.
  3334 | D:4      | Found a sparkling altar of Nemelex Xobeh.
  3371 | D:4      | Reached skill level 1 in Shields
  3539 | D:5      | Entered Level 5 of the Dungeon
  3539 | D:5      | Noticed Duvessa
  3539 | D:5      | Noticed Dowan
  3539 | D:5      | Noticed a sky beast
  3602 | D:4      | Killed a sky beast
  3632 | D:5      | Reached XP level 7. HP: 53/61 MP: 8/8
  3646 | D:5      | Killed Duvessa
  3679 | D:5      | Killed Dowan
  3679 | D:5      | Reached *** piety under Lugonu
  3738 | D:5      | Found a shadowy altar of Dithmenos.
  3779 | D:5      | Reached skill level 5 in Axes
  3907 | D:5      | Found a shattered altar of Ashenzari.
  3953 | D:5      | Reached skill level 6 in Fighting
  4323 | D:6      | Reached skill level 5 in Armour
  4323 | D:6      | Reached XP level 8. HP: 28/70 MP: 8/10
  4662 | D:6      | Noticed Grinder
  4664 | D:6      | Noticed 0gre's ghost (novice MiBe)
  4682 | D:6      | Paralysed by Grinder for 4 turns
  4686 | D:6      | Killed Grinder
  4686 | D:6      | HP: 1/71 [0gre's ghost (10)]
  4687 | D:6      | Lost mutation: You are clumsy. (Dex -2) [potion of mutation]
  4687 | D:6      | Lost mutation: You are partially covered in large bone plates. (SH +4) [potion of mutation]
  4687 | D:6      | Gained mutation: You are weak. (Str -2) [potion of mutation]
  4687 | D:6      | Gained mutation: Your movements are slightly less encumbered by armour. (ER -2) [potion of mutation]
  4687 | D:6      | Mangled by 0gre's ghost

Skill      XL: |  1  2  3  4  5  6  7  8 |
---------------+-------------------------+-----
Fighting       | 4 5 6 |  6.6
Axes           | 3 4 5 |  5.9
Armour         | 3 4 5 |  5.4
Invocations    | 2 3 4 |  4.3
Dodging        | 2 3 4 |  4.3
Shields        | 2 3 4 |  4.0

Action                   |  1- 3 |  4- 6 |  7- 9 || total
-------------------------+-------+-------+-------++-------
Melee: Hand axe          |    74 |    69 |       ||   143
       Headbutt          |     7 |    25 |    40 ||    72
       War axe           |       |    62 |   157 ||   219
Invok: Depart the Abyss  |     1 |       |       ||     1
  Use: Scroll            |       |     8 |       ||     8
       Potion            |       |     7 |     2 ||     9
 Stab: Sleeping          |     2 |     1 |       ||     3
  Eat: Chunk             |     1 |    19 |     3 ||    23
Armor: Leather armour    |    16 |    26 |       ||    42
       Crystal plate arm |       |    15 |   109 ||   124
Dodge: Dodged            |    55 |    69 |    18 ||   142
Block: Other             |       |     4 |       ||     4
       Buckler           |       |    19 |   109 ||   128
